 Dungeon Crawl Stone Soup version 0.31.0-12-g77e489cdc1 (webtiles) character file.

Game seed: 16541893435576049252

2037 Cheops the Grappler (level 9, 0/54 HPs)
             Began as an Octopode Shapeshifter on Feb 26, 2024.
             Was a High Priest of Uskayaw.
             Slain by a killer bee (4 damage)
             ... on level 7 of the Dungeon.
             The game lasted 00:20:49 (6256 turns).

Cheops the Grappler (Octopode Shapeshifter)         Turns: 6256, Time: 00:20:50

Health: 0/54       AC:  1    Str: 21    XL:     9   Next: 24%
Magic:  9/9        EV: 18    Int: 13    God:    Uskayaw [*****.]
Gold:   280        SH:  0    Dex: 13    Spells: 8/8 levels left

rFire   . .          .
                       - Unarmed
rCold   . . .        (shield currently unavailable)
rNeg    . . .        (helmet restricted)
rPois   .            (no amulet)
rElec   .            n - +6 ring of strength
rCorr   .            (no ring)
SInv    .            (no ring)
Will    .....        (no ring)
Stlth   +            (no ring)
HPRegen 0.29/turn    (no ring)
MPRegen 0.11/turn    (no ring)
                     (no ring)

%: no passive effects
@: lethally poisoned (0 -> -6), flux-form, glowing
A: glow, contaminating, almost no armour, amphibious, 8 rings, camouflage 1,
gelatinous body 1, (nimble swimmer 1), tentacles
a: Begin Untransformation, Renounce Religion, Stomp, Line Pass, Grand Finale


You were on level 7 of the Dungeon.
You worshipped Uskayaw.
Uskayaw was noncommittal.
You were something dangerously unstable.
You visited 2 branches of the dungeon, and saw 8 of its levels.

You collected 280 gold pieces.

Inventory:

Armour
 k - a +2 buckler of fire resistance
Jewellery
 n - a +6 ring of strength (left tentacle)
Talismans
 b - a beast talisman
 c - a flux talisman (active)
Wands
 q - a wand of quicksilver (3)
 t - a wand of flame (4)
 v - a wand of paralysis (9)
Scrolls
 f - 4 scrolls of teleportation
 g - 3 scrolls of blinking
 r - a scroll of silence
 u - a scroll of fear {unknown}
Potions
 a - a potion of lignification
 d - 3 potions of brilliance
 e - 2 potions of degeneration {unknown}
 h - 2 potions of curing
 i - a potion of invisibility {unknown}
 j - a potion of haste {unknown}
 l - a potion of enlightenment {unknown}
 m - 2 potions of magic {unknown}
 o - a potion of might {unknown}
 p - a potion of resistance {unknown}
 s - a potion of heal wounds


   Skills:
 - Level 2.0 Fighting
 + Level 4.4 Dodging
 - Level 4.0 Shields
 - Level 8.0 Unarmed Combat
 - Level 1.0 Evocations
 - Level 7.0 Shapeshifting


You had 8 spell levels left.
You didn't know any spells.
Your spell library contained the following spells:

 Spells                   Type           Power      Damage    Failure   Level
 Apportation              Tloc           0%         N/A       30%         1
 Necrotise                Necr           0%         1d4       30%         1
 Sting                    Conj/Alch      0%         1d3       30%         1
 Summon Small Mammal      Summ           0%         N/A       30%         1


Dungeon Overview and Level Annotations

Branches:
Dungeon (7/15)             Temple (1/1) D:5

Altars:
Ashenzari
Cheibriados
Dithmenos
Elyvilon
Fedhas
Kikubaaqudgha
Okawaru
Qazlal
Sif Muna
Trog
Uskayaw
Vehumet
Wu Jian
Xom
Yredelemnul
Zin

Shops:
D:1 :   D:3 :

Annotations:
D:3 3 runed translucent doors, abcdefg's ghost, amateur FoHu


Innate Abilities, Weirdness & Mutations

You are something dangerously unstable.
You glow with magical radiation, making you easy to see and hit.
Foes you strike become dangerously contaminated with magical radiation.
You are incapable of wielding weapons or throwing items.
You cannot wear most types of armour.
You are amphibious.
You can wear up to eight rings at the same time.
Your skin changes colour to match your surroundings (Stealth+).
Your rubbery body absorbs attacks. (AC +1, EV +1)
((You are camouflaged when in or above water. (Stealth+)))
You have tentacles for arms and can constrict up to eight enemies at once.


Message History

You kill the killer bee!
The killer bee begins to glow.
You grab the killer bee.
You kill the killer bee!
You squeeze the killer bee.
The killer bee is almost dead.
You constrict the killer bee.
You kill the killer bee!
You feel sick.
The killer bee is no longer paralysed.
A killer bee comes into view.
The killer bee stings you.
* * * LOW HITPOINT WARNING * * *
Your Dodging skill increases to level 4!
Unknown command.
Unknown command.
Unknown command.
You closely miss the killer bee. You grab the killer bee.
Your squeeze misses the killer bee.
The killer bee is heavily wounded.
You constrict the killer bee.
You feel sick. The killer bee completely misses you.
The killer bee closely misses you.
Unknown command.
Unknown command.
You closely miss the killer bee. You grab the killer bee.
You constrict the killer bee. x2; You feel sick.
The killer bee is no longer sharing its pain.
The killer bee closely misses you. The killer bee misses you.
The killer bee closely misses you. The killer bee stings you.
* * * LOW HITPOINT WARNING * * *
You are lethally poisoned!
The killer bee poisons you!
You can now merge with and destroy a victim.
Unknown command.
Unknown command.
Unknown command.
You bludgeon the killer bee!
The killer bee begins to glow.
The killer bee is heavily wounded.
You constrict the killer bee. x2
* * * LOW HITPOINT WARNING * * *
You feel sick. The killer bee closely misses you. The killer bee stings you.
You die...

##..## ##.......##.(.# #
###.#######
#.)....|####..# #
##......###...###.###...#
#
##......##...##...##...#
#######......#._......#
##.#.......#....#
##......###....#
##.y.#..###...##
#.†p....##....#
#.y###.......## #.##
######### #. #


You could see 2 killer bees.

Vanquished Creatures
  A komodo dragon (D:6)
  A water moccasin (D:6)
  A sky beast (D:7)
  A centaur (D:6)
  A bullfrog (D:5)
  2 gnoll sergeants
  4 scorpions
  3 wights (D:7)
  4 killer bees (D:7)
  3 crimson imps (D:4)
  4 bombardier beetles
  A hound (D:5)
  A jelly (D:7)
  6 orc priests
  An iguana (D:6)
  A hound zombie (D:3)
  Robin (D:2)
  4 adders
  8 gnolls
  A white imp (D:6)
  An adder zombie (D:3)
  A ribbon worm (D:3)
  2 dart slugs (D:4)
  17 orcs
  6 ball pythons
  9 endoplasms
  A giant cockroach (D:3)
  5 goblins
  11 hobgoblins
  4 quokkas
  A bat (D:1)
  4 frilled lizards
  7 kobolds
  7 rats
125 creatures vanquished.

Notes
Turn   | Place    | Note
-------+----------+-------------------------------------------
     0 | D:1      | Cheops the Octopode Shapeshifter began the quest for the
                  | Orb.
     0 | D:1      | Reached XP level 1. HP: 13/13 MP: 1/1
    23 | D:1      | Found Zavejydozu's Book Shop.
   195 | D:1      | Reached XP level 2. HP: 18/18 MP: 2/2
   289 | D:1      | Found a faded altar of an unknown god.
   726 | D:2      | Reached skill level 4 in Unarmed Combat
   733 | D:2      | Noticed Robin
   740 | D:2      | Reached XP level 3. HP: 20/23 MP: 3/3
   745 | D:2      | Killed Robin
  1219 | D:2      | Reached XP level 4. HP: 26/28 MP: 4/4
  1285 | D:2      | Reached skill level 5 in Unarmed Combat
  1651 | D:3      | Found Nuddy's Book Shop.
  1951 | D:3      | Reached XP level 5. HP: 33/33 MP: 5/5
  1986 | D:3      | Found a runed translucent gate.
  1986 | D:3      | Found a runed translucent gate.
  1986 | D:3      | Found a runed translucent gate.
  1986 | D:3      | Noticed abcdefg's ghost (amateur FoHu)
  1988 | D:3      | Found a basalt altar of Yredelemnul.
  2494 | D:4      | Found a shimmering altar of Xom.
  2760 | D:4      | Reached XP level 6. HP: 33/38 MP: 3/6
  2764 | D:4      | Reached skill level 5 in Shapeshifting
  2865 | D:5      | Entered Level 5 of the Dungeon
  2865 | D:5      | Found an ornate altar of the Wu Jian Council.
  3198 | D:4      | Reached XP level 7. HP: 33/43 MP: 7/7
  3269 | D:5      | Found a broken altar of Ashenzari.
  3538 | D:5      | You fall into a shaft and drop 2 floors!
  3608 | D:6      | Reached skill level 1 in Evocations
  3706 | D:5      | Found a stormy altar of Qazlal.
  3729 | D:6      | Noticed a komodo dragon
  3882 | D:5      | Found a staircase to the Ecumenical Temple.
  3955 | D:5      | Found a white marble altar of Elyvilon.
  4063 | D:5      | Found an ancient bone altar of Kikubaaqudgha.
  4365 | D:4      | Reached XP level 8. HP: 46/50 MP: 8/8
  4508 | Temple   | Entered the Ecumenical Temple
  4517 | Temple   | Became a worshipper of Uskayaw the Reveller
  4586 | D:6      | Reached * piety under Uskayaw
  4702 | D:6      | Reached ** piety under Uskayaw
  4705 | D:6      | Reached *** piety under Uskayaw
  4707 | D:6      | Reached **** piety under Uskayaw
  4923 | D:6      | HP: 1/50 [komodo dragon (21)]
  4929 | D:6      | Killed a komodo dragon
  4930 | D:6      | Reached skill level 6 in Unarmed Combat
  5170 | D:6      | Reached skill level 7 in Unarmed Combat
  5905 | D:7      | Reached XP level 9. HP: 54/54 MP: 9/9
  5917 | D:7      | Reached skill level 8 in Unarmed Combat
  6208 | D:7      | Found a bloodstained altar of Trog.
  6255 | D:7      | Reached ***** piety under Uskayaw
  6256 | D:7      | Slain by a killer bee

Illustrated notes

Levels and vault maps discovered:
D:1:      elethiomel_arrival_infinity_welcomes_careful_drivers, layout_basic,
          shapermc_ecumenical_altar_gd, serial_shops, shop,
          minmay_misc_feat_cross, minmay_tetromino_i4
D:2:      layout_basic, uniq_robin
D:3:      layout_basic, nicolae_yredelemnul_ghost_church, serial_shops, shop,
          kennysheep_crisscross, reono_crystal_passage
D:4:      layout_basic, led_xom_imps
D:5:      layout_loops_ring, mainiacjoe_overflow_chevrons,
          mainiacjoe_overflow_alcove_4, mainiacjoe_overflow_tiny_flanked,
          nicolae_overflow_hidden_temple, mainiacjoe_overflow_boulevard,
          minmay_temple_entry_junction, hangedman_decor_growths
D:6:      layout_loops_cross, nicolae_eternal_life
D:7:      layout_layer_cave, trog_three_pillars_becter,
          nicolae_ru_sacrificial_ziggurat
Temple:   nicolae_temple_two_arcs

Skill      XL: |  1  2  3  4  5  6  7  8  9 |
---------------+----------------------------+-----
Unarmed Combat | 4 5 7 8 |  8.0
Shapeshifting  | 4 6 7 |  7.0
Evocations     | 1 |  1.0
Fighting       | 2 |  2.0
Shields        | 2 4 |  4.0
Dodging        | 4 |  4.4

Action                     |  1- 3 |  4- 6 |  7- 9 || total
---------------------------+-------+-------+-------++-------
  Melee: Unarmed           |    59 |    78 |   120 ||   257
         Constrict         |    17 |    21 |    38 ||    76
         Tentacles         |    12 |    14 |    41 ||    67
         Punch             |       |     5 |     2 ||     7
Ability: Begin Untransform |     1 |       |       ||     1
  Evoke: Wand              |       |       |     1 ||     1
    Use: Scroll            |       |     4 |     2 ||     6
         Potion            |       |       |     2 ||     2
   Stab: Sleeping          |     4 |     4 |     2 ||    10
         Paralysed         |       |       |     6 ||     6
 Armour: Skin              |    12 |    28 |    54 ||    94
  Dodge: Dodged            |    36 |    42 |    86 ||   164
   Form: Beast             |     1 |       |       ||     1
         Flux              |       |       |     1 ||     1
